AoeStats
← gerardCapo

Arena

508894886Analyzed
1v1 RM · 8d ago on Sep 24, 2026· 86m 33s· 2 players
Game mode
Random Map
Map size
Tiny (2 player)
Population
200
Speed
Normal
Resources
Standard
Victory
Conquest
Starting age
Dark Age
Ending age
Imperial Age
RankedLock teamsTeams togetherTeam positionsShared explorationLock speedFull tech treeHidden civsTurbo modeCheats
Victory
Defeat
🇺🇸 Vikings · United States
761
+16
🇪🇸 Sicilians · Spain
759
-16
gerardCapo
10:00 Feudal Age
10:34 Double-Bit Axe
10:54 Horse Collar
22:50 Castle Age
21:51 Stone Mining
21:54 Gold Mining
22:32 Forging
22:25 Scale Mail Armor
22:17 Fletching
26:40 Heavy Plow
27:10 Bow Saw
28:40 Wheelbarrow
28:56 Stone Shaft Mining
32:27 Gold Shaft Mining
34:32 Imperial Age
32:49 Hand Cart
32:55 Chain Mail Armor
33:16 Iron Casting
34:53 Bodkin Arrow
35:00 Elite Serjeant
36:45 Squires
37:26 Heated Shot
38:37 Chemistry
39:35 Blast Furnace
38:36 Bracer
39:06 Plate Mail Armor
41:17 Pikeman
54:23 Heavy Scorpion
77:21 Town Watch
tester
13:43 Feudal Age
11:59 Loom
14:17 Horse Collar
14:24 Double-Bit Axe
18:05 Castle Age
19:02 Bow Saw
18:53 Heavy Plow
21:04 Fervor
23:15 Gold Mining
23:16 Stone Mining
23:42 Fletching
24:31 Gold Shaft Mining
23:57 Town Watch
24:58 Bodkin Arrow
26:12 Ballistics
25:50 Murder Holes
25:35 Treadmill Crane
26:06 Fortified Wall
27:23 Town Patrol
30:59 Masonry
31:08 Forging
30:59 Scale Mail Armor
35:26 Imperial Age
34:29 Chieftains
34:33 Squires
34:18 Arson
33:54 Pikeman
35:16 Iron Casting
34:57 Chain Mail Armor
37:01 Hoardings
37:01 Architecture
36:44 Bracer
37:45 Blast Furnace
37:12 Conscription
38:11 Chemistry
38:19 Plate Mail Armor
37:37 Arrowslits
37:58 Siege Engineers
37:28 Elite Berserk
38:35 Bogsveigar
38:06 Sappers
40:57 Elite Varangian Guard
40:58 Man-at-Arms
45:42 Two-Man Saw
45:14 Crop Rotation
51:33 Scale Barding Armor
51:29 Padded Archer Armor
51:22 Guard Tower
53:54 Spies/Treason
55:59 Leather Archer Armor
56:05 Chain Barding Armor
59:40 Ring Archer Armor
58:34 Onager
58:35 Capped Ram
58:36 Heavy Scorpion
63:14 Siege Ram
75:08 Coinage
74:38 Caravan
77:02 Banking
75:54 Long Swordsman
77:36 Crossbowman
77:39 Elite Skirmisher
77:41 Cavalier
77:42 Light Cavalry
77:46 Two-Handed Swordsman
78:39 Careening
78:40 Clinker Construction
78:36 Siphons
78:22 Heated Shot
82:26 Arbalester
83:43 Carvel Hull
83:44 Dry Dock
82:49 Champion
83:52 Block Printing
83:38 Devotion
83:56 Atonement
Connection lost

Rejoining the realm…

Still unreachable

The connection could not be restored.

Session expired

The server has moved on; the page needs a fresh start.